 Dungeon Crawl Stone Soup version 0.24.0-123-gd5b16e6ec5 (webtiles) character file.

Game seed: 2002193403708797961, levelgen mode: deterministic

0 glosham the Skirmisher (level 1, -1/18 HPs)
             Began as a Mummy Abyssal Knight on Jan 2, 2020.
             Was a Follower of Lugonu.
             Killed from afar by a wretched star (19 damage)
             ... with an orb of energy
             ... on level 1 of the Abyss.
             The game lasted 00:01:14 (61 turns).

glosham the Skirmisher (Mummy Abyssal Knight)         Turns: 61, Time: 00:01:14

Health: -1/18      AC:  3    Str: 15    XL:     1   Next: 0%
Magic:  2/2        EV: 11    Int: 11    God:    Lugonu [*.....]
Gold:   0          SH:  0    Dex: 11    Spells: 0/0 levels left

rFire    x . .     SeeInvis .   a - +1 hand axe
rCold    + . .     Gourm    .   (no shield)
rNeg     + + +     Faith    .   b - +0 leather armour
rPois    ∞         Spirit   .   (no helmet)
rElec    .         Reflect  .   (no cloak)
rCorr    .         Harm     .   (no gloves)
MR       .....                  (no boots)
Stlth    +.........             (no amulet)
HPRegen  0.06/turn              Z - ring of wizardry
MPRegen  0.08/turn              (no ring)

@: no status effects
A: no food or potions, fire vulnerability, cold resistance 1, negative energy
resistance 3, torment resistance, unbreathing
a: Depart the Abyss, Renounce Religion


You were on level 1 of the Abyss.
You worshipped Lugonu.
Lugonu was aware of your devotion.
You were not hungry.

You visited 0 branches of the dungeon, and saw 0 of its levels.
You visited the Abyss 1 time.

Inventory:

Hand Weapons
 a - a +1 hand axe (weapon)
Armour
 b - a +0 leather armour (worn)
Jewellery
 Z - a ring of wizardry (left hand)


   Skills:
 - Level 3.0 Fighting
 * Level 1.5 Axes
 - Level 1.5 Armour
 - Level 0.7 Dodging
 - Level 1.5 Invocations


You couldn't memorise any spells.
You didn't know any spells.
Your spell library was empty.

Dungeon Overview and Level Annotations

Branches:
Dungeon (0/15)

Altars:


Innate Abilities, Weirdness & Mutations

You do not eat or drink.
Your flesh is vulnerable to fire.
You are immune to poison.
Your flesh is cold resistant. (rC+)
You are immune to negative energy. (rN+++)
You are immune to unholy pain and torment.
You can survive without breathing.


Message History

Welcome, glosham the Mummy Abyssal Knight.
Will you prevail where others failed? Will you find the Orb of Zot?
Lugonu says: Depart the Abyss and spread corruption, my servant! (use the ability menu to exit the Abyss) Press ? for a list of commands and other information.
Found a glass ring.
Found a corrupted altar of Lugonu.
You see here a glass ring.
c - a glass ring Put ring on which hand? (Esc to cancel) < - no ring (left); > - no ring (right)
c - a ring of wizardry (left hand);
Z - a ring of wizardry (left hand)
Found a sedimented brown potion.
Found a leather armour.
A tentacled starspawn comes into view.
Tentacles burst from the starspawn's body!
Found a scroll labeled HETUEM VADOY.
A starspawn tentacle comes into view.
Found 6 poisoned darts.
A wretched star comes into view.
Tentacles burst from the starspawn's body! 2 starspawn tentacles come into view.
The wretched star glows turbulently.
The orb of energy hits you!!
Ouch! That really hurt!
You die...

.# # #.###. .# .....
.# #... .. ##.## .#
#...######.#
#§...##.@.#
##..#.....# .
#..#....#.# .##
##.#......#..
.wX####..*..#..#.#..
# .#..#X...#.##.#...
#..*#.#...##.# ..##.
##..#..###..#. #..
#.......#..#.# ##


You could see a tentacled starspawn and a wretched star.

Vanquished Creatures (others)
  4 starspawn tentacles (Abyss:1)
4 creatures vanquished.

Notes
Turn   | Place    | Note
-------+----------+-------------------------------------------
     0 | Abyss:1  | glosham the Mummy Abyssal Knight began the quest for the
                  | Orb.
     0 | Abyss:1  | Reached XP level 1. HP: 18/18 MP: 2/2
    50 | Abyss:1  | Noticed a tentacled starspawn
    55 | Abyss:1  | Noticed a wretched star
    61 | Abyss:1  | Killed from afar by a wretched star

Levels and vault maps discovered:
Abyss:1:  evilmike_abyss_exit_3

Table legend:
 A = Turns spent in this place as a percentage of turns spent in the entire game.
 B = Non-inter-level travel turns spent in this place as a percentage of non-inter-level travel turns spent in the entire game.
 C = Inter-level travel turns spent in this place as a percentage of turns spent in this place.
 D = Turns resting spent in this place as a percentage of non-inter-level travel turns spent in this place.
 E = Turns spent auto-exploring this place as a percentage of non-inter-level travel turns spent in this place.
 F = Non-inter-level travel turns spent in this place divided by the number of levels of this place that you've seen.
                   A       B       C       D       E      F
               +-------+-------+-------+-------+-------+----------------------
         Total | 100.0 | 100.0 |   0.0 |   0.0 |   0.0 |  61.0
         Abyss | 100.0 | 100.0 |   0.0 |   0.0 |   0.0 |  61.0
               +-------+-------+-------+-------+-------+----------------------

Levels and vault maps discovered:
Abyss:1:  evilmike_abyss_exit_3
